 Dungeon Crawl Stone Soup version 0.19.1 (webtiles) character file.

17059 esteth the Thaumaturge (level 12, -3/73 HPs)
             Began as a Deep Elf Conjurer on Dec 13, 2016.
             Was a Priest of Vehumet.
             Slain by Rupert
             ... wielding a +2 great mace of draining
              (24 damage)
             ... on level 4 of the Lair of Beasts on Dec 14, 2016.
             The game lasted 01:11:28 (12365 turns).

esteth the Thaumaturge (Deep Elf Conjurer)         Turns: 12365, Time: 01:11:31

Health: -3/73      AC:  8    Str:  5    XL:     12   Next: 15%
Magic:  24/31      EV: 15    Int: 26    God:    Vehumet [***...]
Gold:   735        SH:  3    Dex: 15    Spells: 5 memorised, 22 levels left

rFire  + . .     SeeInvis .     A - +2 dire flail (holy)
rCold  . . .     Gourm    .     w - +2 robe {MR+}
rNeg   . . .     Faith    .     (shield currently unavailable)
rPois  .         Spirit   .     (no helmet)
rElec  .         Reflect  +     (no cloak)
rCorr  .         Harm     .     (no gloves)
MR     ++...                    (no boots)
Stlth  ++........               C - +3 amulet of reflection
                                g - +4 ring of protection
                                q - ring of protection from fire

@: drained
A: no striking features
a: Renounce Religion


You were on level 4 of the Lair of Beasts.
You worshipped Vehumet.
Vehumet was most pleased with you.
You were not hungry.

You visited 3 branches of the dungeon, and saw 13 of its levels.

You collected 735 gold pieces.

Inventory:

Hand Weapons
 i - a +0 whip of freezing
 p - a +0 flail of holy wrath
 y - a +0 short sword of speed
 A - a +2 dire flail of holy wrath (weapon)
Armour
 a - a +0 robe
 s - a +0 robe of magic resistance
 u - a +2 robe
 w - a +2 robe of magic resistance (worn)
 Y - a +2 robe
Magical Staves
 D - an uncursed staff of death
Jewellery
 c - the ring "Plog" {rCorr Dex+4, unknown}
   (You found it on level 1 of the Lair of Beasts)

   [ring of resist corrosion]

   It affects your dexterity (+4).
 g - a +4 ring of protection (right hand)
 q - a ring of protection from fire (left hand)
 x - a +3 amulet of reflection
 C - a +3 amulet of reflection (around neck)
 I - an uncursed ring of ice {unknown}
 N - an uncursed ring of resist corrosion {unknown}
Wands
 v - a wand of flame (0/48)
 K - a wand of flame (27/48)
 M - a wand of heal wounds (4/9)
 Q - a wand of confusion (20/48)
Scrolls
 e - 2 scrolls of random uselessness
 o - 2 scrolls of magic mapping
 G - 2 scrolls of fear {unknown}
 H - 4 scrolls of remove curse
 P - 2 scrolls of immolation {unknown}
 R - a scroll of recharging
 T - a scroll of fog {unknown}
 U - a scroll of identify
 Z - a scroll of blinking
Potions
 d - 7 potions of heal wounds
 f - a potion of cure mutation {unknown}
 h - 4 potions of degeneration {unknown}
 j - a potion of ambrosia {unknown}
 k - 8 potions of curing
 n - 2 potions of haste
 r - 3 potions of magic {unknown}
 t - 2 potions of brilliance {unknown}
 B - a potion of beneficial mutation {unknown}
 F - a potion of invisibility
 J - a potion of flight {unknown}
 L - a potion of might {unknown}
 S - 2 potions of mutation {unknown}
 X - a potion of lignification {unknown}
Books
 b - a book of Conjurations

   Spells                             Type                      Level
   a - Magic Dart                     Conjuration                  1
   b - Searing Ray                    Conjuration                  2
   c - Dazzling Spray                 Conjuration/Hexes            3
   d - Fulminant Prism                Conjuration/Hexes            4
   e - Iskenderun's Mystic Blast      Conjuration                  4
   f - Iskenderun's Battlesphere      Conjuration/Charms           5
 E - a book of Necromancy

   Spells                             Type                      Level
   a - Pain                           Necromancy                   1
   b - Animate Skeleton               Necromancy                   1
   c - Vampiric Draining              Necromancy                   3
   d - Regeneration                   Charms/Necromancy            3
   e - Animate Dead                   Necromancy                   4
   f - Control Undead                 Necromancy                   4
 V - a book of Battle

   Spells                             Type                      Level
   a - Infusion                       Charms                       1
   b - Shroud of Golubria             Charms/Translocation         2
   c - Song of Slaying                Charms                       2
   d - Spectral Weapon                Hexes/Charms                 3
   e - Regeneration                   Charms/Necromancy            3
 W - a book of Cantrips

   Spells                             Type                      Level
   a - Confusing Touch                Hexes                        1
   b - Animate Skeleton               Necromancy                   1
   c - Summon Small Mammal            Summoning                    1
   d - Apportation                    Translocation                1
Comestibles
 l - 4 meat rations
 m - a fruit
 z - 2 royal jellies
 O - a bread ration


   Skills:
 + Level 7.8(7.1) Fighting
 - Level 6.1(5.4) Dodging
 - Level 2.4(1.8) Stealth
 + Level 13.5(12.7) Spellcasting
 + Level 13.0(12.3) Conjurations
 - Level 10.1(9.3) Charms


You had 22 spell levels left.
You knew the following spells:

 Your Spells              Type           Power        Failure   Level  Hunger
a - Magic Dart            Conj           ####         1%          1    None
b - Iskenderun's Battles  Conj/Chrm      ######..     1%          5    ###....
c - Iskenderun's Mystic   Conj           ######..     1%          4    None
d - Dazzling Spray        Conj/Hex       #####.       1%          3    None
e - Conjure Flame         Conj/Fire      #####...     1%          3    None


Dungeon Overview and Level Annotations

Branches:
Dungeon (8/15)             Temple (1/1) D:4            Lair (4/6) D:8
  Swamp (0/4) Lair:4        Snake (0/4) Lair:4

Altars:
Ashenzari
Cheibriados
Dithmenos
Elyvilon
Fedhas
Gozag
Hepliaklqana
Kikubaaqudgha
Makhleb
Nemelex Xobeh
Okawaru
Qazlal
Ru
Sif Muna
Trog
Uskayaw
Vehumet
Xom
Yredelemnul
Zin
The Shining One

Shops:
D:4 [

Portals:
Bailey: D:8

Annotations:
D:3 exclusion: 2 orcs
D:4 2 exclusions, Purgy
D:5 exclusion: ice beast
Lair:2 exclusion: oklob plant
Lair:4 Rupert


Message History

Aiming: Iskenderun's Mystic Blast
Press: ? - help, Shift-Dir - straight line, f - Rupert
Aim: Rupert, wielding a great mace of draining and wearing a scale mail Your line of fire to Rupert is blocked by a plant.
Continue anyway?
Okay, then.
Rupert drinks a potion.
Rupert flickers and vanishes!
Deactivating autopickup; reactivate with Ctrl-A.
You hear a shout!
Something barely misses your battlesphere.
Something hits your battlesphere!!
Your battlesphere is destroyed!
You hear a shout!
Something completely misses you.
Casting: Iskenderun's Mystic Blast
Confirm with . or Enter, or press ? or * to list all spells.
You conjure a globe of magical energy.
Something hits you!!!
Ouch! That really hurt!
* * * LOW HITPOINT WARNING * * *
You feel drained.
You die...

####'#.# ##....## #.##.###
##...P.# .....## ####P..####
...#..# #)#....#.## ###P
.....### ##>.......## ##....
..*....#####.........####......
.......'.............##........
...@....#...........P##.P##....
...W.W.##.##>...@.......## .
.......#####.....*......#
#+.###.# #.........#### #.##
### ##...##..## .. #.#
#.....#)# #######.. ..#####
##......#####..<..... ......#
###...<.# .#........ #..#+.###
#.....### ......... ........##
#.......###........


You could see a friendly battlesphere.

Vanquished Creatures
  Josephine (Lair:4)
  3 hydras
  Urug (Lair:4)
  Pikel (D:5)
  A lindwurm (Lair:4)
  The ghost of Philosophy the Shield-Bearer, a novice FoFi of Okawaru (D:5)
  2 black mambas
  4 spiny frogs
  5 komodo dragons
  4 rime drakes
  Grinder (D:6)
  4 hippogriffs
  4 blink frogs (Lair:4)
  Sigmund (D:5)
  4 wraiths (Lair:4)
  2 wyverns (Lair:4)
  Eustachio (D:5)
  6 yaks
  A hungry ghost (D:7)
  A basilisk (Lair:3)
  Edmund (D:5)
  6 water moccasins
  7 porcupines
  2 orc warriors
  A slave (D:6)
  A black bear (D:6)
  An ice beast (D:5)
  3 sky beasts
  2 ogres
  4 centaurs
  5 crocodiles
  6 bullfrogs
  A scorpion (D:5)
  A howler monkey (D:8)
  2 crimson imps
  A quasit (D:5)
  2 centaur zombies (D:5)
  2 jellies (D:5)
  5 orc wizards
  5 orc priests
  A bullfrog skeleton (D:5)
  Ijyb (D:3)
  2 worker ants
  3 iguanas
  2 hound skeletons
  4 gnolls
  9 adders
  2 shadow imps
  2 oozes
  An adder zombie (D:7)
  A worm (D:3)
  A dart slug (D:2)
  4 leopard geckos
  14 orcs
  A ball python (D:5)
  5 bats
  6 giant cockroaches
  5 goblins
  2 hobgoblins
  12 jackals
  5 frilled lizards
  A jackal zombie (D:8)
  4 kobolds (D:1)
  A leopard gecko skeleton (D:4)
  6 rats
  A fungus (D:8)
202 creatures vanquished.

Vanquished Creatures (others)
  An adder (D:6)
  2 fungi (Lair:4)
  2 plants (Lair:4)
5 creatures vanquished.

Grand Total: 207 creatures vanquished

Notes
Turn   | Place    | Note
-------+----------+-------------------------------------------
     0 | D:1      | esteth the Deep Elf Conjurer began the quest for the Orb.
     0 | D:1      | Reached XP level 1. HP: 10/10 MP: 6/6
   171 | D:1      | Reached XP level 2. HP: 13/15 MP: 5/8
   247 | D:1      | Reached skill level 5 in Conjurations
   681 | D:2      | Reached XP level 3. HP: 19/19 MP: 7/9
  1333 | D:2      | Reached XP level 4. HP: 19/24 MP: 6/12
  1542 | D:2      | Noticed a dagger
  1544 | D:2      | Noticed a hand axe
  1546 | D:2      | Found a hide-covered altar of Uskayaw.
  2096 | D:3      | Noticed Ijyb
  2104 | D:3      | Killed Ijyb
  2104 | D:3      | Reached XP level 5. HP: 23/28 MP: 5/13
  2111 | D:3      | Learned a level 5 spell: Iskenderun's Battlesphere
  2322 | D:3      | Reached skill level 1 in Charms
  2772 | D:4      | Noticed Purgy
  2824 | D:4      | Noticed an ogre
  2834 | D:3      | Learned a level 4 spell: Iskenderun's Mystic Blast
  2838 | D:4      | Killed an ogre
  2838 | D:4      | Reached XP level 6. HP: 27/32 MP: 0/14
  3098 | D:4      | Found Ereebluo's Antique Armour Emporium.
  3120 | D:4      | Found a staircase to the Ecumenical Temple.
  3130 | Temple   | Entered the Ecumenical Temple
  3138 | Temple   | Became a worshipper of Vehumet
  3357 | D:5      | Entered Level 5 of the Dungeon
  3636 | D:5      | Reached skill level 5 in Charms
  3668 | D:5      | Noticed Edmund
  3680 | D:5      | Killed Edmund
  3680 | D:5      | Reached XP level 7. HP: 36/36 MP: 5/15
  4055 | D:5      | Noticed Philosophy's ghost (novice FoFi)
  4129 | D:5      | Killed Philosophy's ghost
  4129 | D:5      | Reached skill level 5 in Spellcasting
  4129 | D:5      | Reached XP level 8. HP: 23/41 MP: 0/18
  4296 | D:5      | Noticed Eustachio
  4308 | D:5      | Killed Eustachio
  4308 | D:5      | Reached skill level 1 in Fighting
  4550 | D:5      | Noticed Sigmund
  5284 | D:5      | Killed Sigmund
  5535 | D:6      | Reached * piety under Vehumet
  5535 | D:6      | Offered knowledge of Shock by Vehumet.
  5542 | D:6      | Noticed Pikel
  5988 | D:5      | Killed Pikel
  5988 | D:5      | Reached skill level 5 in Dodging
  5988 | D:5      | Reached XP level 9. HP: 50/50 MP: 11/22
  6508 | D:6      | Noticed Grinder
  6511 | D:6      | Killed Grinder
  6524 | D:6      | Found a hazy altar of Hepliaklqana.
  6748 | D:7      | Found a shimmering altar of Xom.
  7240 | D:7      | Reached skill level 10 in Conjurations
  7740 | D:8      | Found a flagged portal.
  7823 | D:8      | Found a staircase to the Lair.
  8043 | D:8      | Found a sacrificial altar of Ru.
  8235 | D:8      | Reached skill level 10 in Spellcasting
  8235 | D:8      | Reached XP level 10. HP: 56/56 MP: 19/26
  8353 | Lair:1   | Entered Level 1 of the Lair of Beasts
  8358 | Lair:1   | Learned a level 3 spell: Dazzling Spray
  8381 | Lair:1   | Offered knowledge of Freeze by Vehumet.
  8467 | Lair:1   | Reached ** piety under Vehumet
  8640 | Lair:1   | Noticed a spiny frog
  8643 | Lair:1   | Killed a spiny frog
  8643 | Lair:1   | Reached skill level 10 in Charms
  9144 | Lair:1   | Noticed a black mamba
  9147 | Lair:1   | Killed a black mamba
  9374 | Lair:1   | Reached skill level 5 in Fighting
  9447 | Lair:1   | Got a sparkling pewter ring
  9596 | Lair:2   | Noticed a six-headed hydra
  9601 | Lair:2   | Killed a six-headed hydra
  9601 | Lair:2   | Reached XP level 11. HP: 52/64 MP: 14/28
  9884 | Lair:2   | Offered knowledge of Conjure Flame by Vehumet.
  9975 | Lair:2   | Learned a level 3 spell: Conjure Flame
 10281 | Lair:2   | Noticed an oklob plant
 10307 | Lair:2   | You fall through a shaft for 2 floors!
 10307 | Lair:4   | Found a staircase to the Snake Pit.
 10317 | Lair:4   | Noticed Josephine
 10331 | Lair:4   | Noticed a four-headed hydra
 10513 | Lair:3   | Reached *** piety under Vehumet
 10531 | Lair:3   | Noticed a five-headed hydra
 10540 | Lair:3   | Killed a five-headed hydra
 11352 | Lair:4   | Noticed Rupert
 11352 | Lair:4   | Noticed Urug
 11377 | Lair:4   | Killed a four-headed hydra
 11565 | Lair:4   | Killed Josephine
 11695 | Lair:4   | Reached XP level 12. HP: 60/72 MP: 10/31
 12028 | Lair:4   | Killed Urug
 12028 | Lair:4   | Offered knowledge of Stone Arrow by Vehumet.
 12208 | Lair:4   | Found a staircase to the Swamp.
 12365 | Lair:4   | Slain by Rupert

Skill      XL: |  1  2  3  4  5  6  7  8  9 10 11 12 |
---------------+-------------------------------------+-----
Conjurations   | 5 6 7 8 9 10 11 12 13 | 13.0
Spellcasting   | 4 5 7 10 11 13 | 13.5
Charms         | 3 5 8 9 10 | 10.1
Fighting       | 3 5 7 |  7.8
Dodging        | 5 6 |  6.1
Stealth        | |  2.4

Action                   |  1- 3 |  4- 6 |  7- 9 | 10-12 || total
-------------------------+-------+-------+-------+-------++-------
Melee: Unarmed           |     5 |       |       |       ||     5
       Dire flail        |       |       |     3 |     1 ||     4
 Cast: Magic Dart        |    59 |   109 |   162 |   146 ||   476
       Iskenderun's Myst |       |     9 |    12 |    58 ||    79
       Iskenderun's Batt |       |     1 |    34 |    45 ||    80
Evoke: Wand              |       |     2 |     8 |       ||    10
  Use: Scroll            |       |     8 |     7 |     3 ||    18
  Eat: Chunk             |       |     2 |       |       ||     2
       Bread ration      |       |     2 |     5 |     1 ||     8
       Meat ration       |       |       |     1 |     2 ||     3
       Fruit             |       |       |       |     2 ||     2
Armor: Robe              |    13 |     9 |    18 |     2 ||    42
Dodge: Dodged            |    25 |    31 |    56 |    21 ||   133
Block: Other             |       |       |     9 |     4 ||    13
       Reflection        |       |       |     2 |     1 ||     3
